[Event "European Womens-ch 2025"]
[Site "Rhodes"]
[Date "2025.04.10"]
[Round "10.39"]
[White "Gaboyan, Susanna"]
[Black "Hapala, Elisabeth"]
[Result "1-0"]
[Annotator "ChessBase"]
[ECO "B48"]
[WhiteElo "2200"]
[BlackElo "2092"]
[PlyCount "105"]
[EventDate "2025.03.29"]
[EventType "swiss"]
[EventCountry "GRE"]
[SourceTitle "playchess.com"]
[Source "ChessBase"]
[SourceQuality "1"]
[TimeControl "40/5400+30:1800+30"]

1. e4 c5 2. Nf3 e6 3. d4 cxd4 4. Nxd4 Nc6 5. Nc3 Qc7 6. f4 a6 7. Be3 b5 8. Bd3 Bb7 9. Qf3 Rc8 10. a3 Na5 11. Ncxb5 axb5 12. Nxb5 Qb8 13. Ba7 Qa8 14. Bb6 Nf6 15. Nc7+ Rxc7 16. Bxc7 Nxe4 17. Qh5 Nc5 18. Bf1 Nc6 19. O-O-O Be7 20. Bd3 Nxd3+ 21. Rxd3 Nb4 22. Rg3 Qa4 23. Qd1 Nd5 24. Be5 Bf6 25. Kb1 O-O 26. Qg4 Bxe5 27. fxe5 Qxg4 28. Rxg4 Ne3 29. Rg3 Nf5 30. Rd3 Bxg2 31. Rg1 Bd5 32. b3 Rc8 33. Kb2 Be4 34. Rc3 Rb8 35. Rc7 Bc6 36. c4 Kf8 37. b4 Ke8 38. Ra7 Kd8 39. Kc3 Bb7 40. a4 Kc8 41. a5 Ra8 42. Rxa8+ Bxa8 43. b5 Kc7 44. Kb4 f6 45. exf6 gxf6 46. Rg8 Be4 47. a6 Ne7 48. Rf8 f5 49. Ka5 Nc8 50. c5 Ba8 51. b6+ Kb8 52. a7+ Kb7 53. c6+ 1-0

[Event "European Womens-ch 2025"]
[Site "Rhodes"]
[Date "2025.04.10"]
[Round "10.40"]
[White "Prado Acebo, Ines"]
[Black "Sivanandan, Bodhana"]
[Result "1/2-1/2"]
[Annotator "ChessBase"]
[ECO "D45"]
[WhiteElo "2199"]
[BlackElo "2073"]
[PlyCount "120"]
[EventDate "2025.03.29"]
[EventType "swiss"]
[EventCountry "GRE"]
[SourceTitle "playchess.com"]
[Source "ChessBase"]
[SourceQuality "1"]
[TimeControl "40/5400+30:1800+30"]

1. d4 d5 2. c4 c6 3. Nf3 Nf6 4. Nc3 e6 5. e3 Nbd7 6. Qc2 Bd6 7. Be2 O-O 8. O-O Re8 9. b3 b6 10. a4 a5 11. Bb2 Bb7 12. Rad1 Qc7 13. h3 Rad8 14. Rc1 dxc4 15. Bxc4 h6 16. e4 e5 17. d5 cxd5 18. exd5 Nc5 19. Nh4 Ba6 20. Nb5 Bxb5 21. Bxb5 Rf8 22. Bc4 Qb7 23. Nf5 Bb8 24. d6 Qe4 25. Qxe4 Ncxe4 26. Bxe5 Bxd6 27. Nxd6 Nxd6 28. Ba6 Nde4 29. Bc7 Rde8 30. Rfd1 Kh7 31. Bc4 Ra8 32. Bxb6 Ng5 33. Re1 Rfb8 34. Bd4 Re8 35. Bb5 Rxe1+ 36. Rxe1 Ne6 37. Be3 g6 38. Bc4 Nd7 39. Rd1 Ndc5 40. Bxc5 Nxc5 41. Bxf7 Kg7 42. Bc4 Rb8 43. Rd5 Rc8 44. Re5 Nxa4 45. bxa4 Rxc4 46. Rxa5 g5 47. g3 Rc3 48. Kg2 Ra3 49. Ra8 h5 50. Ra7+ Kg6 51. Ra6+ Kg7 52. f4 h4 53. f5 Rxg3+ 54. Kh2 Kf7 55. a5 Rf3 56. f6 Ra3 57. Kg2 Kg6 58. Kh2 Kf7 59. Kg2 Kg6 60. Kh2 Kf7 1/2-1/2

[Event "European Womens-ch 2025"]
[Site "Rhodes"]
[Date "2025.04.10"]
[Round "10.41"]
[White "Schloffer, Jasmin-Denise"]
[Black "Grapsa, Georgia"]
[Result "1/2-1/2"]
[Annotator "ChessBase"]
[ECO "E44"]
[WhiteElo "2188"]
[BlackElo "2065"]
[PlyCount "77"]
[EventDate "2025.03.29"]
[EventType "swiss"]
[EventCountry "GRE"]
[SourceTitle "playchess.com"]
[Source "ChessBase"]
[SourceQuality "1"]
[TimeControl "40/5400+30:1800+30"]

1. d4 Nf6 2. c4 e6 3. Nc3 Bb4 4. e3 b6 5. Nge2 Ne4 6. Qc2 Bb7 7. a3 Bxc3+ 8. Nxc3 Nxc3 9. Qxc3 a5 10. b3 d6 11. Bb2 Nd7 12. f3 Qh4+ 13. g3 Qh5 14. e4 f5 15. d5 fxe4 16. fxe4 Ne5 17. Be2 Qg6 18. Qe3 O-O 19. Bxe5 dxe5 20. O-O-O Rad8 21. Rd2 exd5 22. cxd5 Qd6 23. Kb2 h6 24. Rc1 c5 25. Bb5 Rf6 26. Rcc2 Rdf8 27. Rf2 Bc8 28. Rxf6 Qxf6 29. Rd2 Qd6 30. Qe2 Bh3 31. Qh5 Bf1 32. Bxf1 Rxf1 33. Qe2 Rf8 34. Qb5 Rf6 35. Qc4 Kh7 36. Qd3 Kg8 37. Qc4 Kh7 38. Qd3 Kg8 39. Qc4 1/2-1/2

[Event "European Womens-ch 2025"]
[Site "Rhodes"]
[Date "2025.04.10"]
[Round "10.42"]
[White "Pavlidou, Ekaterini"]
[Black "Huseynova, Lala"]
[Result "1-0"]
[Annotator "ChessBase"]
[ECO "D00"]
[WhiteElo "2160"]
[BlackElo "2065"]
[PlyCount "135"]
[EventDate "2025.03.29"]
[EventType "swiss"]
[EventCountry "GRE"]
[SourceTitle "playchess.com"]
[Source "ChessBase"]
[SourceQuality "1"]
[TimeControl "40/5400+30:1800+30"]

1. d4 Nf6 2. Nc3 d5 3. Bf4 Bf5 4. f3 h6 5. g4 Bg6 6. h4 e6 7. e3 c5 8. Nb5 Na6 9. c3 Be7 10. h5 Bh7 11. Qd2 O-O 12. Nh3 Nd7 13. Nf2 Nab8 14. Bc7 Qc8 15. Bg3 a6 16. Na3 Nc6 17. Bd3 Bxd3 18. Nxd3 b5 19. Nc2 a5 20. dxc5 Nxc5 21. Nxc5 Bxc5 22. g5 hxg5 23. h6 g6 24. h7+ Kh8 25. O-O-O b4 26. Kb1 Qb7 27. Rc1 b3 28. Nd4 bxa2+ 29. Ka1 Ne7 30. Nxe6 Qb6 31. Nxf8 Rxf8 32. Be5+ f6 33. Bd4 Nf5 34. Bxc5 Qxc5 35. e4 dxe4 36. fxe4 Ng3 37. Rhe1 Qe5 38. Qh2 Rd8 39. Re3 Nh5 40. Qxe5 fxe5 41. Rg1 Kxh7 42. Rxg5 Re8 43. Rd3 Kh6 44. Rg1 Nf4 45. Rd7 Re6 46. Kxa2 g5 47. Kb3 Nh3 48. Rg2 Nf4 49. Rh2+ Nh5 50. Rd8 Kg6 51. Rg8+ Ng7 52. Rg2 Re7 53. Kc4 Kf7 54. Ra8 Ne6 55. Rxa5 Rc7+ 56. Kb3 Nc5+ 57. Rxc5 Rxc5 58. Rxg5 Kf6 59. Rf5+ Ke6 60. c4 Rc8 61. Rf2 Rh8 62. Re2 Kf6 63. c5 Kg5 64. Kc4 Kf4 65. b4 Rh1 66. b5 Kf3 67. Rc2 Kxe4 68. c6 1-0

[Event "European Womens-ch 2025"]
[Site "Rhodes"]
[Date "2025.04.10"]
[Round "10.43"]
[White "Rida, Ruqayyah"]
[Black "Piddubna, Bozhena"]
[Result "1/2-1/2"]
[Annotator "ChessBase"]
[ECO "C61"]
[WhiteElo "2065"]
[BlackElo "2145"]
[PlyCount "106"]
[EventDate "2025.03.29"]
[EventType "swiss"]
[EventCountry "GRE"]
[SourceTitle "playchess.com"]
[Source "ChessBase"]
[SourceQuality "1"]
[TimeControl "40/5400+30:1800+30"]

1. e4 e5 2. Nf3 Nc6 3. Bb5 Nd4 4. Nxd4 exd4 5. O-O Ne7 6. d3 Ng6 7. f4 Be7 8. Nd2 O-O 9. f5 Ne5 10. Nf3 d6 11. Bf4 Bf6 12. Kh1 c5 13. Qe1 a6 14. Ba4 b5 15. Bb3 Bb7 16. Qg3 c4 17. Bxe5 dxe5 18. dxc4 Bxe4 19. cxb5 Bxf3 20. Qxf3 axb5 21. Rad1 Ra6 22. Rfe1 Qc7 23. Re2 Bg5 24. Qe4 Be3 25. Rf1 Qe7 26. g3 Rh6 27. Kg2 Qg5 28. h4 Qe7 29. c3 Qd6 30. Rd1 Qc5 31. Rc2 Qc6 32. Bd5 Qe8 33. Rd3 Rd6 34. Re2 Qd7 35. Bb3 Re8 36. Re1 Kf8 37. f6 Qc6 38. Qxc6 Rxc6 39. cxd4 exd4 40. fxg7+ Kxg7 41. Rxd4 Bxd4 42. Rxe8 Bxb2 43. Re7 Rf6 44. Rb7 Rf5 45. g4 Rf4 46. Kg3 Be5 47. g5 h6 48. Rxb5 Bc7 49. Rb7 Be5 50. Kg2 hxg5 51. hxg5 Kg6 52. Bd5 Kxg5 53. Bxf7 Bd6 1/2-1/2

[Event "European Womens-ch 2025"]
[Site "Rhodes"]
[Date "2025.04.10"]
[Round "10.44"]
[White "Korenova, Martina"]
[Black "Zaksaite, Salomeja"]
[Result "0-1"]
[Annotator "ChessBase"]
[ECO "E70"]
[WhiteElo "2045"]
[BlackElo "2137"]
[PlyCount "118"]
[EventDate "2025.03.29"]
[EventType "swiss"]
[EventCountry "GRE"]
[SourceTitle "playchess.com"]
[Source "ChessBase"]
[SourceQuality "1"]
[TimeControl "40/5400+30:1800+30"]

1. Nf3 Nf6 2. c4 g6 3. Nc3 Bg7 4. e4 d6 5. d4 O-O 6. h3 Nbd7 7. e5 Ne8 8. Bf4 c6 9. Be2 dxe5 10. dxe5 Nc7 11. Bh2 Ne6 12. Qc2 Qa5 13. Qe4 Ndc5 14. Qe3 Na4 15. O-O Nxc3 16. bxc3 Bd7 17. Rfd1 Rad8 18. Nd4 Bc8 19. Bf3 Qc5 20. Be2 Qa5 21. Bg3 c5 22. Nb3 Rxd1+ 23. Bxd1 Qa3 24. Bf3 Bd7 25. Qc1 Qa4 26. Bd5 b6 27. Qd2 Nc7 28. Re1 Be6 29. Bxe6 Nxe6 30. Qe2 Rd8 31. Bh4 Qd7 32. Qe4 g5 33. Bg3 h5 34. h4 Qd3 35. hxg5 Qxe4 36. Rxe4 Rd1+ 37. Kh2 Nxg5 38. Re3 a5 39. f4 Ne6 40. f5 Bh6 41. Re1 Rxe1 42. Bxe1 Ng7 43. f6 exf6 44. exf6 Ne8 45. Bd2 Kh7 46. Bxh6 Kxh6 47. Kg3 Kg5 48. Nd2 Nxf6 49. Kf3 a4 50. Nf1 Kf5 51. Nd2 Ng4 52. a3 h4 53. Ke2 Ne5 54. Kf2 Kf4 55. Ke2 Ng4 56. Nf1 Ne5 57. Ne3 Ke4 58. Kd2 f5 59. Ke2 f4 0-1

[Event "European Womens-ch 2025"]
[Site "Rhodes"]
[Date "2025.04.10"]
[Round "10.45"]
[White "Shuqja, Klean"]
[Black "Ciolacu, Alessia-Mihaela"]
[Result "1/2-1/2"]
[Annotator "ChessBase"]
[ECO "B52"]
[WhiteElo "2049"]
[BlackElo "2136"]
[PlyCount "148"]
[EventDate "2025.03.29"]
[EventType "swiss"]
[EventCountry "GRE"]
[SourceTitle "playchess.com"]
[Source "ChessBase"]
[SourceQuality "1"]
[TimeControl "40/5400+30:1800+30"]

1. e4 c5 2. Nf3 d6 3. Bb5+ Bd7 4. Bxd7+ Nxd7 5. c4 Ne5 6. O-O Nf6 7. d3 g6 8. Nc3 Bg7 9. h3 O-O 10. Be3 Nfd7 11. Ne1 a6 12. Nc2 Rb8 13. a4 Re8 14. Qd2 Nc6 15. f4 Qa5 16. Bf2 Nd4 17. Nxd4 cxd4 18. Nb1 Qxd2 19. Nxd2 Nc5 20. Ra3 a5 21. Nf3 e5 22. g4 Bf8 23. f5 gxf5 24. gxf5 f6 25. Be1 Ra8 26. Bd2 Kf7 27. Rfa1 Ra6 28. Bxa5 Rea8 29. Bd2 Nxa4 30. b4 Nc5 31. Rxa6 Rxa6 32. Rxa6 Nxa6 33. Kf2 Ke8 34. Ke2 d5 35. c5 dxe4 36. dxe4 Kd7 37. Kd3 b6 38. cxb6 Bxb4 39. Bxb4 Nxb4+ 40. Kc4 Na6 41. Kb5 Nb8 42. Ne1 Kd6 43. Nd3 Kd7 44. Kc5 Nc6 45. h4 h5 46. b7 Nb8 47. Kd5 Nc6 48. Nc5+ Kc7 49. Ke6 Nd8+ 50. Kxf6 Nxb7 51. Nd3 Kd6 52. Nxe5 Nc5 53. Nc4+ Kc6 54. Nd2 Kd6 55. e5+ Kd5 56. e6 Nb7 57. Kg6 Nd6 58. e7 Ne8 59. Kf7 Nd6+ 60. Kg6 Ne8 61. Kxh5 Kd6 62. Kg6 Kxe7 63. h5 Kf8 64. h6 Nd6 65. h7 Nf7 66. Kf6 d3 67. Nf3 Nh8 68. Nd2 Nf7 69. Nc4 Nh8 70. Nd2 Nf7 71. Kg6 Nh8+ 72. Kf6 Nf7 73. Nf3 Nh8 74. Nd2 Nf7 1/2-1/2

[Event "European Womens-ch 2025"]
[Site "Rhodes"]
[Date "2025.04.10"]
[Round "10.46"]
[White "Chelushkina, Irina"]
[Black "Subramanian, Anusha"]
[Result "1-0"]
[Annotator "ChessBase"]
[ECO "A12"]
[WhiteElo "2134"]
[BlackElo "2026"]
[PlyCount "179"]
[EventDate "2025.03.29"]
[EventType "swiss"]
[EventCountry "GRE"]
[SourceTitle "playchess.com"]
[Source "ChessBase"]
[SourceQuality "1"]
[TimeControl "40/5400+30:1800+30"]

1. Nf3 d5 2. g3 c6 3. Bg2 Bg4 4. c4 e6 5. O-O Nd7 6. b3 Ngf6 7. Bb2 Be7 8. d3 a5 9. a3 O-O 10. Nbd2 Qc7 11. Rc1 Rad8 12. h3 Bh5 13. cxd5 exd5 14. Nh4 Rfe8 15. g4 Bg6 16. Nxg6 hxg6 17. e3 Qb8 18. Qc2 Bd6 19. Nf3 Nf8 20. Rb1 Ne6 21. b4 axb4 22. axb4 Nc7 23. Nd4 Qc8 24. Qb3 Qd7 25. Rfc1 Be5 26. Ra1 Ra8 27. Ra5 Rxa5 28. bxa5 Ne6 29. Nxe6 Rxe6 30. Rb1 Bxb2 31. Qxb2 Re7 32. Qd4 Ne8 33. Rb6 Qd6 34. Qc3 Rc7 35. d4 Nf6 36. Qb2 Qd7 37. Qc2 Qd6 38. a6 bxa6 39. Rxa6 Qd7 40. Bf3 Qc8 41. Ra5 Qb7 42. Kg2 Nd7 43. Qa2 Nb6 44. Qb3 Re7 45. Ra1 Qc7 46. Be2 Re8 47. Rc1 Re6 48. Qa3 Nd7 49. Qa8+ Kh7 50. Rb1 Qd6 51. Rb7 f5 52. Qd8 Nf6 53. Qxd6 Rxd6 54. g5 Nd7 55. Rc7 Nf8 56. h4 Ne6 57. Rc8 Nd8 58. Bd3 Kg8 59. Bc2 Rd7 60. Ba4 Rd6 61. Bxc6 Kf7 62. Rc7+ Kf8 63. Ba4 Ne6 64. Rc8+ Nd8 65. Ra8 Ke7 66. Kg3 Kf8 67. Kf4 Ke7 68. Ra7+ Kf8 69. Ke5 Re6+ 70. Kxd5 Re4 71. Kd6 f4 72. Bc2 Re6+ 73. Kd5 fxe3 74. fxe3 Rxe3 75. Bxg6 Re6 76. h5 Rb6 77. Rd7 Ne6 78. Rf7+ Kg8 79. Rf5 Nc7+ 80. Kc5 Ra6 81. d5 Ra5+ 82. Kc6 Nb5 83. Kb6 Ra8 84. Kxb5 Rb8+ 85. Kc6 Rc8+ 86. Kd7 Ra8 87. d6 Ra7+ 88. Ke6 Ra6 89. Rc5 Ra8 90. d7 1-0

[Event "European Womens-ch 2025"]
[Site "Rhodes"]
[Date "2025.04.10"]
[Round "10.47"]
[White "Caku, Kler"]
[Black "Cornileau, Juliette"]
[Result "1/2-1/2"]
[Annotator "ChessBase"]
[ECO "B59"]
[WhiteElo "2036"]
[BlackElo "2130"]
[PlyCount "78"]
[EventDate "2025.03.29"]
[EventType "swiss"]
[EventCountry "GRE"]
[SourceTitle "playchess.com"]
[Source "ChessBase"]
[SourceQuality "1"]
[TimeControl "40/5400+30:1800+30"]

1. e4 c5 2. Nf3 d6 3. d4 cxd4 4. Nxd4 Nf6 5. Nc3 Nc6 6. Be2 e5 7. Nb3 Be7 8. O-O a5 9. Be3 O-O 10. Nd2 Nd4 11. Nc4 b5 12. Bxd4 bxc4 13. Be3 Bb7 14. Bxc4 Nxe4 15. Nxe4 Bxe4 16. Bd5 Bxd5 17. Qxd5 Rc8 18. c4 a4 19. b4 axb3 20. axb3 Rb8 21. Rfb1 Qd7 22. b4 Qb7 23. Qxb7 Rxb7 24. b5 f5 25. Ra7 Rfb8 26. Rba1 f4 27. Rxb7 Rxb7 28. Ra8+ Kf7 29. Ba7 d5 30. b6 Bc5 31. cxd5 Bxb6 32. Bxb6 Rxb6 33. f3 Rb7 34. Kf2 Rb2+ 35. Kf1 Rd2 36. Ra7+ Kf6 37. Ra6+ Kf7 38. Ra7+ Kf6 39. Ra6+ Kf7 1/2-1/2

[Event "European Womens-ch 2025"]
[Site "Rhodes"]
[Date "2025.04.10"]
[Round "10.48"]
[White "Nahapetyan, Ani"]
[Black "Berke, Ana"]
[Result "0-1"]
[Annotator "ChessBase"]
[ECO "B76"]
[WhiteElo "1887"]
[BlackElo "2119"]
[PlyCount "62"]
[EventDate "2025.03.29"]
[EventType "swiss"]
[EventCountry "GRE"]
[SourceTitle "playchess.com"]
[Source "ChessBase"]
[SourceQuality "1"]
[TimeControl "40/5400+30:1800+30"]

1. e4 c5 2. Nf3 d6 3. d4 cxd4 4. Nxd4 Nf6 5. Nc3 g6 6. f3 Bg7 7. Be3 O-O 8. Be2 Nc6 9. Qd2 d5 10. Nxc6 bxc6 11. Rd1 Qc7 12. exd5 cxd5 13. Nb5 Qb8 14. c3 Bd7 15. Nd4 e5 16. Nb3 Ba4 17. Ra1 Bxb3 18. axb3 Qxb3 19. O-O a5 20. Ra3 Qb7 21. Rfa1 Rfb8 22. b3 h5 23. Bd1 d4 24. cxd4 exd4 25. Bf4 Re8 26. Rxa5 Rxa5 27. Qxa5 Nd5 28. Bd2 Nc3 29. Qa3 Qb6 30. Kh1 d3 31. h3 Qf2 0-1

[Event "European Womens-ch 2025"]
[Site "Rhodes"]
[Date "2025.04.10"]
[Round "10.49"]
[White "Bhatia, Kanishka"]
[Black "Koridze, Lile"]
[Result "0-1"]
[Annotator "ChessBase"]
[ECO "D05"]
[WhiteElo "2012"]
[BlackElo "2115"]
[PlyCount "76"]
[EventDate "2025.03.29"]
[EventType "swiss"]
[EventCountry "GRE"]
[SourceTitle "playchess.com"]
[Source "ChessBase"]
[SourceQuality "1"]
[TimeControl "40/5400+30:1800+30"]

1. d4 Nf6 2. Nf3 e6 3. e3 c5 4. Bd3 b6 5. O-O Bb7 6. Nbd2 d5 7. b3 Bd6 8. Bb2 O-O 9. Ne5 Nc6 10. a3 Rc8 11. f4 Ne7 12. Qf3 Qc7 13. Ng4 Nxg4 14. Qxg4 f5 15. Qg3 cxd4 16. Bxd4 Nc6 17. Bb2 Rce8 18. Bb5 e5 19. Bxc6 Qxc6 20. fxe5 Qxc2 21. Bd4 Bc5 22. Nf3 Bxd4 23. Nxd4 Qe4 24. e6 Bc8 25. Rae1 Bxe6 26. Qd6 Rf6 27. Rf4 Qd3 28. Qc6 Bf7 29. Qd7 Qc3 30. Re2 Rxe3 31. Qd8+ Be8 32. Qxd5+ Kh8 33. Ref2 Re1+ 34. Rf1 Qe3+ 35. Kh1 g5 36. R4f3 g4 37. Qd8 gxf3 38. Qxf6+ Kg8 0-1

[Event "European Womens-ch 2025"]
[Site "Rhodes"]
[Date "2025.04.10"]
[Round "10.50"]
[White "Deak-Sala, Emilia"]
[Black "Krkyasharyan, Sona"]
[Result "1/2-1/2"]
[Annotator "ChessBase"]
[ECO "A07"]
[WhiteElo "2112"]
[BlackElo "1989"]
[PlyCount "71"]
[EventDate "2025.03.29"]
[EventType "swiss"]
[EventCountry "GRE"]
[SourceTitle "playchess.com"]
[Source "ChessBase"]
[SourceQuality "1"]
[TimeControl "40/5400+30:1800+30"]

1. Nf3 d5 2. g3 Nf6 3. Bg2 g6 4. O-O Bg7 5. c4 dxc4 6. Na3 O-O 7. Nxc4 c6 8. d3 Nbd7 9. Rb1 Nb6 10. Nxb6 axb6 11. a3 b5 12. Qc2 Re8 13. b4 e5 14. e4 Bg4 15. Bb2 Nd7 16. Nd2 Nf8 17. Nb3 Qc8 18. f4 Bh3 19. Bxh3 Qxh3 20. f5 Nd7 21. Nd2 Re7 22. Rf2 Nf6 23. Nf1 Ng4 24. Rf3 Kh8 25. Rd1 Rd8 26. Qe2 Red7 27. Ne3 Nxe3 28. Qxe3 Qh5 29. fxg6 fxg6 30. Kg2 Qg4 31. Qc5 Qe6 32. Rdf1 Kg8 33. Qc2 Re8 34. h4 h5 35. R1f2 Ree7 36. Qc5 1/2-1/2

[Event "European Womens-ch 2025"]
[Site "Rhodes"]
[Date "2025.04.10"]
[Round "10.51"]
[White "Bochnickova, Simona"]
[Black "Alexandri, Vasiliki"]
[Result "1-0"]
[Annotator "ChessBase"]
[ECO "B94"]
[WhiteElo "2167"]
[BlackElo "1927"]
[PlyCount "41"]
[EventDate "2025.03.29"]
[EventType "swiss"]
[EventCountry "GRE"]
[SourceTitle "playchess.com"]
[Source "ChessBase"]
[SourceQuality "1"]
[TimeControl "40/5400+30:1800+30"]

1. e4 c5 2. Nf3 d6 3. d4 cxd4 4. Nxd4 Nf6 5. Nc3 a6 6. Bg5 Nbd7 7. Bc4 Qb6 8. Bb3 e6 9. Qd2 Be7 10. O-O-O Qc7 11. Bxe6 O-O 12. Nf5 Nc5 13. Bxc8 Raxc8 14. Nxe7+ Qxe7 15. Nd5 Qe6 16. Bxf6 Nxe4 17. Ne7+ Kh8 18. Bxg7+ Kxg7 19. Qd4+ Qe5 20. Nxc8 Rxc8 21. Rhe1 1-0

[Event "European Womens-ch 2025"]
[Site "Rhodes"]
[Date "2025.04.10"]
[Round "10.52"]
[White "Heinatz, Gundula"]
[Black "Golsta, Madara"]
[Result "1/2-1/2"]
[Annotator "ChessBase"]
[ECO "A48"]
[WhiteElo "2111"]
[BlackElo "1979"]
[PlyCount "89"]
[EventDate "2025.03.29"]
[EventType "swiss"]
[EventCountry "GRE"]
[SourceTitle "playchess.com"]
[Source "ChessBase"]
[SourceQuality "1"]
[TimeControl "40/5400+30:1800+30"]

1. d4 Nf6 2. Nf3 g6 3. c3 Bg7 4. Bg5 O-O 5. Nbd2 d6 6. e4 c5 7. dxc5 dxc5 8. Bc4 h6 9. Be3 Qc7 10. h3 Nc6 11. O-O b6 12. Re1 Bb7 13. Qc2 e6 14. Bf1 g5 15. a4 Nh5 16. Rad1 Rad8 17. b4 cxb4 18. cxb4 Qb8 19. b5 Ne5 20. Bd4 Nxf3+ 21. Nxf3 f5 22. Bxg7 Nxg7 23. Nd4 fxe4 24. Bc4 Qc8 25. Qa2 Qc5 26. Nxe6 Nxe6 27. Bxe6+ Kg7 28. Rc1 Qe5 29. Bg4 Rf7 30. Re3 Rd3 31. Rce1 Qd4 32. Qa1 Qxa1 33. Rxa1 Rd2 34. Re2 Rd4 35. Rc2 Bd5 36. Rd1 Bb3 37. Rxd4 Bxc2 38. Rc4 Bd3 39. Rc3 Kf8 40. Rc8+ Kg7 41. Rc6 Rf6 42. Bh5 a6 43. Rc7+ Kf8 44. bxa6 Bxa6 45. g3 1/2-1/2

[Event "European Womens-ch 2025"]
[Site "Rhodes"]
[Date "2025.04.10"]
[Round "10.53"]
[White "Paasikangas, Johanna"]
[Black "Valkova, Angelika"]
[Result "1-0"]
[Annotator "ChessBase"]
[ECO "C70"]
[WhiteElo "2106"]
[BlackElo "2001"]
[PlyCount "129"]
[EventDate "2025.03.29"]
[EventType "swiss"]
[EventCountry "GRE"]
[SourceTitle "playchess.com"]
[Source "ChessBase"]
[SourceQuality "1"]
[TimeControl "40/5400+30:1800+30"]

1. e4 e5 2. Nf3 Nc6 3. Bb5 a6 4. Ba4 Nge7 5. c3 Ng6 6. d4 exd4 7. cxd4 Bb4+ 8. Nc3 d5 9. O-O Bxc3 10. bxc3 O-O 11. exd5 Qxd5 12. h3 Na5 13. Ba3 Rd8 14. Re1 b5 15. Bc2 Bf5 16. Ne5 Nf4 17. f3 Bxc2 18. Qxc2 f6 19. Ng4 h5 20. Nf2 Qg5 21. Ne4 Qg6 22. h4 Nc4 23. Bc5 Kh8 24. a4 Rg8 25. Kh2 Qf5 26. Ra2 Rae8 27. axb5 axb5 28. Qb1 c6 29. Ng3 Qxb1 30. Rxb1 Nd5 31. Rc1 Re3 32. Rac2 g6 33. Ne4 Rd8 34. Kg3 f5 35. Ng5 Kg7 36. Ra1 Rd7 37. Ra6 Rc7 38. Ra8 Kf6 39. Rf8+ Kg7 40. Kf2 Nf4 41. Rd8 Nd3+ 42. Kg3 f4+ 43. Kh2 Nxc5 44. dxc5 Re5 45. Ra2 Rce7 46. Raa8 Re2 47. Rg8+ Kf6 48. Raf8+ Ke5 49. Rxg6 Nd2 50. Rd6 Nf1+ 51. Kh3 Re1 52. Nf7+ Rxf7 53. Re8+ Kf5 54. Rxe1 Ne3 55. g3 Rg7 56. Rg1 Nd5 57. Rxc6 Nxc3 58. Rh6 b4 59. Rxh5+ Ke6 60. Re1+ Kd7 61. gxf4 b3 62. Rh6 b2 63. Rb6 b1=Q 64. Rexb1 Nxb1 65. Rb7+ 1-0

[Event "European Womens-ch 2025"]
[Site "Rhodes"]
[Date "2025.04.10"]
[Round "10.54"]
[White "Zagorac, Lara"]
[Black "Silva, Ana Ines Teixeira Da"]
[Result "1-0"]
[Annotator "ChessBase"]
[ECO "E01"]
[WhiteElo "2106"]
[BlackElo "1893"]
[PlyCount "95"]
[EventDate "2025.03.29"]
[EventType "swiss"]
[EventCountry "GRE"]
[SourceTitle "playchess.com"]
[Source "ChessBase"]
[SourceQuality "1"]
[TimeControl "40/5400+30:1800+30"]

1. Nf3 d5 2. d4 Nf6 3. c4 e6 4. g3 h6 5. Bg2 Bd6 6. O-O O-O 7. Qc2 b6 8. Rd1 Bb7 9. Nc3 Nbd7 10. cxd5 exd5 11. Nb5 Re8 12. Nxd6 cxd6 13. Re1 Rc8 14. Qa4 a6 15. Bf4 Ne4 16. Rac1 b5 17. Qa3 Nb6 18. b3 g5 19. Be3 Qf6 20. Qa5 Nd7 21. Bh3 Nf8 22. Bxc8 Bxc8 23. Rxc8 Rxc8 24. Qxa6 Rc3 25. Rf1 g4 26. Nd2 Nxd2 27. Bxd2 Rc2 28. Be3 Rxe2 29. Qxb5 Rxa2 30. Qxd5 Kg7 31. Bf4 Ne6 32. Bxd6 Nxd4 33. Be5 Nf3+ 34. Qxf3 gxf3 35. Bxf6+ Kxf6 36. Rb1 Kg5 37. h3 f5 38. b4 h5 39. b5 f4 40. gxf4+ Kxf4 41. Rb4+ Kf5 42. b6 Ra8 43. Kh2 Rb8 44. Kg3 Rb7 45. Kxf3 Kf6 46. Kf4 Kg6 47. Ke5 h4 48. Kd6 1-0

[Event "European Womens-ch 2025"]
[Site "Rhodes"]
[Date "2025.04.10"]
[Round "10.55"]
[White "Tsetskhladze, Mariam"]
[Black "Chasouraki, Chrysi"]
[Result "1-0"]
[Annotator "ChessBase"]
[ECO "B45"]
[WhiteElo "2105"]
[BlackElo "1843"]
[PlyCount "113"]
[EventDate "2025.03.29"]
[EventType "swiss"]
[EventCountry "GRE"]
[SourceTitle "playchess.com"]
[Source "ChessBase"]
[SourceQuality "1"]
[TimeControl "40/5400+30:1800+30"]

1. e4 c5 2. Nf3 e6 3. d4 cxd4 4. Nxd4 Nf6 5. Nc3 Nc6 6. a3 d5 7. Bb5 Bd7 8. exd5 exd5 9. O-O Be7 10. Be2 O-O 11. Bf4 Rc8 12. Bf3 Nxd4 13. Qxd4 Bc5 14. Qd3 d4 15. Ne2 Bc6 16. Bxc6 Rxc6 17. Rad1 Re8 18. c3 Rce6 19. Nxd4 Bxd4 20. cxd4 Nd5 21. Be5 f6 22. Bg3 Qb6 23. b4 Re4 24. Be5 fxe5 25. Qxe4 Nc3 26. Qe3 Nxd1 27. Rxd1 Qd6 28. d5 b6 29. h3 Rd8 30. Qc3 h6 31. Qc4 Kh8 32. a4 Rd7 33. b5 Rc7 34. Qe4 Rc5 35. Kh1 Kg8 36. Kh2 Rc8 37. Kg1 Rc5 38. g3 Rc8 39. Re1 Rc5 40. Qxe5 Rxd5 41. Qxd6 Rxd6 42. Re7 Rd4 43. Rxa7 Rb4 44. Kg2 Rb3 45. g4 Kh7 46. h4 Rb4 47. Kg3 Kh8 48. h5 Kh7 49. f4 Rb3+ 50. Kf2 Rb4 51. Ke3 Rc4 52. g5 hxg5 53. fxg5 Rc3+ 54. Kd4 Rg3 55. h6 Kh8 56. hxg7+ Kg8 57. Kd5 1-0

[Event "European Womens-ch 2025"]
[Site "Rhodes"]
[Date "2025.04.10"]
[Round "10.56"]
[White "Mihaljevic, Eva"]
[Black "Bochnickova, Andrea"]
[Result "1/2-1/2"]
[Annotator "ChessBase"]
[ECO "B84"]
[WhiteElo "2039"]
[BlackElo "2051"]
[PlyCount "140"]
[EventDate "2025.03.29"]
[EventType "swiss"]
[EventCountry "GRE"]
[SourceTitle "playchess.com"]
[Source "ChessBase"]
[SourceQuality "1"]
[TimeControl "40/5400+30:1800+30"]

1. e4 c5 2. Nf3 e6 3. d4 cxd4 4. Nxd4 a6 5. Nc3 Qc7 6. a3 Nf6 7. Be3 Be7 8. Be2 b5 9. O-O Bb7 10. Bf3 d6 11. g3 Nbd7 12. Nb3 Ne5 13. Bg2 Nc4 14. Bc1 O-O 15. Nd2 Rfd8 16. Nxc4 Qxc4 17. Qd3 Rab8 18. Re1 Nd7 19. Be3 Ne5 20. Qd1 Qc7 21. Bd4 Nc4 22. Nb1 a5 23. Nd2 e5 24. Nxc4 exd4 25. Nd2 Bf6 26. Nf3 d3 27. c3 b4 28. axb4 axb4 29. Qxd3 bxc3 30. Rac1 Qa5 31. bxc3 Ba6 32. Qe3 Rb2 33. Nd4 Rc8 34. Bh3 Rc7 35. Ra1 Qb6 36. Bf1 Bb7 37. Qd3 g6 38. Re2 Rxc3 39. Qxc3 Rxe2 40. Bxe2 Bxd4 41. Qe1 Bxa1 42. Qxa1 Bxe4 43. h4 Qb1+ 44. Qxb1 Bxb1 45. Bf3 Ba2 46. Kf1 f6 47. Ke2 Kf7 48. Ke3 Ke6 49. Be4 f5 50. Bg2 Bd5 51. Bf1 h6 52. Kd4 Bf3 53. Ke3 Bd1 54. Kd4 g5 55. hxg5 hxg5 56. Bc4+ Kf6 57. f4 Bf3 58. Bd3 Kg6 59. Ke3 Bd1 60. Kd4 Bb3 61. Ke3 Be6 62. g4 Kf6 63. fxg5+ Kxg5 64. gxf5 Bxf5 65. Bc4 Kf6 66. Kd4 Be6 67. Bxe6 Kxe6 68. Ke4 d5+ 69. Kd4 Kd6 70. Kd3 Ke5 1/2-1/2

[Event "European Womens-ch 2025"]
[Site "Rhodes"]
[Date "2025.04.10"]
[Round "10.57"]
[White "Karadas, Hena"]
[Black "Hariharan, Shambavi"]
[Result "1/2-1/2"]
[Annotator "NA"]
[ECO "D03"]
[WhiteElo "1931"]
[BlackElo "2024"]
[PlyCount "53"]
[EventDate "2025.03.29"]
[EventType "swiss"]
[EventCountry "GRE"]
[SourceTitle "playchess.com"]
[Source "ChessBase"]
[SourceQuality "1"]
[TimeControl "40/5400+30:1800+30"]

1. d4 d5 2. Nf3 Nf6 3. Bg5 Ne4 4. Bh4 Qd6 5. c3 Qh6 6. Nbd2 g5 7. Bg3 Nxg3 8. fxg3 g4 9. Ne5 Qe3 10. Qb3 Bh6 11. O-O-O c6 12. h3 gxh3 13. g4 h2 14. Rxh2 f6 15. Rh3 Qg5 16. Nd3 b6 17. Nf2 f5 18. gxf5 Bxf5 19. g4 Bd7 20. e4 Rf8 21. Rh2 Qe3 22. Rh3 Qxf2 23. Rxh6 Bxg4 24. exd5 Bxd1 25. Qxd1 cxd5 26. Rxh7 Qf5 27. Rh5 1/2-1/2